Thunder vs Sewer Rats

Created - December 9, 2020 at 19:09

Goals
1 2 3 OT1 T
Thunder 0 1 1 0 2
Sewer Rats 0 2 0 1 3
Shots
1 2 3 OT1 T
Thunder 7 5 12 2 26
Sewer Rats 10 15 9 2 36

1st period

No Goal

Penalties :
Jarred Tinordi (Tol) for High sticking (Minor) at 10:01

2nd period

1. Sewer Rats , Drake Caggiula 5 (Dmitrij Jaskin 7, Mark Mancari 14) at 4:40
2. Thunder , Austin Poganski 6 (Angelo Esposito 10, Gianluca Curcuruto 10) at 9:37
3. Sewer Rats , Vincent Trocheck 2 (Ryan Murphy 7) at 14:10

Penalties :
Gianluca Curcuruto (TRO) for Holding (Minor) at 5:25, Gianluca Curcuruto (TRO) for Roughing (Minor) at 17:04

3rd period

4. Thunder , Austin Poganski 7 (Mike Hoffman 18, Angelo Esposito 11) at 13:07

Penalties :
Jordan Weal (TRO) for Hooking (Minor) at 3:19, Anthony Duclair (Tol) for Hooking (Minor) at 4:53

Overtime #1

5. Sewer Rats , Mark Mancari 19 (Stefan Elliott 16, Vincent Trocheck 12) at 0:22

Penalties :
No Penalty

Goalie Stats

Niklas Treutle (TRO), 33 saves from 36 shots - (0.917), OTL, 6-8-2, 60:22 minutes
Marek Mazanek (Tol), 24 saves from 26 shots - (0.923), W, 11-6-1, 60:22 minutes

Players Stats for Thunder

Player Name              G  A  P  +/- PIM S  H  SB GA TA FO     MP     PP MP  PK MP  
------------------------------------------------------------------------------------
Angelo Esposito          0  2  2   2  0   6  1  0  1  0  5/8    16:06   1:37   0:00 
Artturi Lehkonen         0  0  0  -2  0   1  0  0  0  0  0/0     8:40   0:00   0:00 
Artur Gavrus             0  0  0   0  0   0  0  0  0  0  0/0     0:00   0:00   0:00 
Austin Poganski          2  0  2   2  0   3  4  0  1  0  1/2    16:14   1:37   0:00 
Colby Cave               0  0  0   0  0   0  0  0  0  0  0/0     0:00   0:00   0:00 
Colton Sceviour          0  0  0   0  0   1  2  0  0  1  0/0    17:56   1:56   0:00 
Dany Roussin             0  0  0  -1  0   3  1  1  0  0  4/9    25:45   1:29   2:38 
Gianluca Curcuruto       0  1  1   0  4   1  2  1  0  0  0/0    23:16   1:22   0:50 
Jakob Lilja              0  0  0   1  0   1  1  0  0  0  0/0    11:22   0:23   1:11 
Jamie McGinn             0  0  0   0  0   1  2  0  0  1  1/1    12:10   0:00   1:28 
Jarrod Maidens           0  0  0   0  0   0  0  0  0  0  0/0     0:00   0:00   0:00 
Jesper Pettersson        0  0  0   1  0   0  1  4  0  0  0/0    23:20   1:22   3:17 
Jordan Weal              0  0  0  -2  2   0  0  0  0  1  2/4     9:52   0:00   0:32 
Mackenze Stewart         0  0  0   0  0   0  0  0  0  0  0/0    15:29   0:39   1:19 
Mike Hoffman             0  1  1  -2  0   1  2  0  2  0  1/1    23:10   1:21   2:32 
Mikko Vainonen           0  0  0  -2  0   0  1  5  0  1  0/0    24:59   1:32   2:16 
Nikolay Prokhorkin       0  0  0   0  0   0  0  0  0  0  0/0     2:32   0:20   0:00 
Roman Josi               0  0  0  -1  0   4  1  4  0  1  0/0    31:29   2:11   2:18 
Trevor Lewis             0  0  0   0  0   4  2  0  0  0  10/23  19:24   1:56   1:28 
Vincent Dunn             0  0  0   0  0   0  0  0  0  0  0/0     2:11   0:00   1:47 
Zach Stepan              0  0  0   0  0   0  0  0  0  0  3/5    11:33   0:00   0:32 

Players Stats for Sewer Rats

Player Name              G  A  P  +/- PIM S  H  SB GA TA FO     MP     PP MP  PK MP  
------------------------------------------------------------------------------------
Anthony Duclair          0  0  0   0  2   0  2  1  1  0  0/1    16:25   2:32   0:00 
Connor Carrick           0  0  0   0  0   0  0  0  0  0  0/0    10:58   0:00   0:00 
Dmitrij Jaskin           0  1  1   1  0   3  3  0  3  0  0/0    12:44   0:00   0:00 
Dominik Kubalik          0  0  0  -1  0   0  0  0  0  0  0/0     9:12   0:00   1:05 
Drake Caggiula           1  0  1   1  0   1  0  0  0  0  5/7    12:53   0:00   0:20 
Erik Condra              0  0  0   0  0   1  2  0  0  0  0/1    17:16   2:33   0:53 
Jared McCann             0  0  0   0  0   0  0  0  0  0  0/0     0:22   0:00   0:00 
Jarred Tinordi           0  0  0   0  2   2  2  0  0  1  0/0    22:48   3:16   0:46 
John Ramage              0  0  0   1  0   0  1  1  0  0  0/0    18:22   2:16   1:39 
Jonathan Marchessault    0  0  0   0  0   4  2  1  0  1  3/8    17:16   2:33   0:53 
Jonathan Racine          0  0  0   0  0   0  1  0  0  0  0/0     6:21   0:00   0:00 
Joseph Blandisi          0  0  0   0  0   6  2  0  0  0  1/2    18:48   2:59   0:00 
Mark Mancari             1  1  2   1  0   5  2  0  0  0  1/1    21:10   2:59   1:35 
Michael Dal Colle        0  0  0   1  0   1  0  0  0  0  0/0    12:22   0:00   0:00 
Nick Cousins             0  0  0  -1  0   1  1  0  0  0  0/0     9:11   0:00   0:45 
Ryan Murphy              0  1  1   1  0   2  0  0  1  0  0/0    18:22   2:16   1:39 
Stefan Elliott           0  1  1   0  0   6  1  3  0  1  0/0    24:41   3:16   1:54 
Thomas Chabot            0  0  0   0  0   0  0  0  0  0  0/0    11:57   0:00   0:59 
Vincent Trocheck         1  1  2   1  0   3  5  0  0  1  16/32  21:10   2:59   1:35 
Xavier Ouellet           0  0  0   0  0   0  0  0  0  0  0/0     7:14   0:00   0:09 
Zach Aston-Reese         0  0  0  -1  0   1  1  1  0  0  0/1     7:56   0:00   0:00 

3 Stars

1 - Austin Poganski (TRO)
2 - Vincent Trocheck (Tol)
3 - Mark Mancari (Tol)

Power Play

Thunder - 0 on 2 Attempt(s) - 0.00%
Sewer Rats - 0 on 3 Attempt(s) - 0.00%

Penalty Kill

Thunder - 3 on 3 Attempt(s) - 100.00% - Score 0 goal in Penalty Kill
Sewer Rats - 2 on 2 Attempt(s) - 100.00% - Score 0 goal in Penalty Kill

Team Stat

Thunder - Hits : 20 - Faceoff Wins : 27 - Blocked Shots : 15 - Penalty Minutes : 6
Sewer Rats - Hits : 25 - Faceoff Wins : 26 - Blocked Shots : 7 - Penalty Minutes : 4

Official

Referees : Unknown
Linesman : Unknown

Game Notes

No Game Note

Finance

Level 1 -- Attendance: 1412 (70.60%) -- Ticket Income $49,420
Level 2 -- Attendance: 1000 (100.00%) -- Ticket Income $17,000
Total Attendance: 2412 (80.40%)
Total Ticket Income: $66,420
Other Income: $3,321
Total Income: $69,741

Thunder

5 vs 5 Forward 
   Center                   Left Wing                Right Wing               Time % Phy DF OF 
 1 Trevor Lewis             Dany Roussin             Colton Sceviour          40     1   2  2  
 2 Angelo Esposito          Mike Hoffman             Austin Poganski          30     1   2  2  
 3 Zach Stepan              Jamie McGinn             Dany Roussin             20     1   2  2  
 4 Jordan Weal              Artturi Lehkonen         Mike Hoffman             10     1   2  2  

5 vs 5 Defense 
   Defense                  Defense                                           Time % Phy DF OF 
 1 Roman Josi               Mikko Vainonen                                    40     1   2  2  
 2 Gianluca Curcuruto       Jesper Pettersson                                 30     1   2  2  
 3 Mackenze Stewart         Roman Josi                                        20     1   2  2  
 4 Mikko Vainonen           Gianluca Curcuruto                                10     1   2  2  

PowerPlay Forward 
   Center                   Left Wing                Right Wing               Time % Phy DF OF 
 1 Trevor Lewis             Dany Roussin             Colton Sceviour          60     1   2  2  
 2 Angelo Esposito          Mike Hoffman             Austin Poganski          40     1   2  2  

PowerPlay Defense
   Defense                  Defense                                           Time % Phy DF OF 
 1 Roman Josi               Mikko Vainonen                                    60     1   2  2  
 2 Gianluca Curcuruto       Jesper Pettersson                                 40     1   2  2  

Penalty Kill 4 Players Forward 
   Center                   Wing                     Time % Phy DF OF 
 1 Dany Roussin             Mike Hoffman             60     1   2  2  
 2 Trevor Lewis             Jamie McGinn             40     1   2  2  

Penalty Kill 4 Players Defense
   Defense                  Defense                  Time % Phy DF OF 
 1 Roman Josi               Mikko Vainonen           60     1   2  2  
 2 Gianluca Curcuruto       Jesper Pettersson        40     1   2  2  

Penalty Kill - 3 Players Forward 
   Forward                                           Time % Phy DF OF 
 1 Dany Roussin                                      60     1   2  2  
 2 Mike Hoffman                                      40     1   2  2  

Penalty Kill - 3 Players Defense
   Defense                  Defense                  Time % Phy DF OF 
 1 Roman Josi               Mikko Vainonen           60     1   2  2  
 2 Gianluca Curcuruto       Jesper Pettersson        40     1   2  2  

4 vs 4 Forward 
   Center                   Wing                     Time % Phy DF OF 
 1 Dany Roussin             Mike Hoffman             60     1   2  2  
 2 Trevor Lewis             Jamie McGinn             40     1   2  2  

4 vs 4 Defense
   Defense                  Defense                  Time % Phy DF OF 
 1 Roman Josi               Mikko Vainonen           60     1   2  2  
 2 Gianluca Curcuruto       Jesper Pettersson        40     1   2  2  

Last Minutes Offensive
   Center                   Left Wing                Right Wing               Defense                  Defense                  
   Trevor Lewis             Dany Roussin             Colton Sceviour          Roman Josi               Mikko Vainonen           

Last Minutes Defensive
   Center                   Left Wing                Right Wing               Defense                  Defense                  
   Trevor Lewis             Dany Roussin             Colton Sceviour          Roman Josi               Mikko Vainonen           

Goaltenders
Starting : Niklas Treutle           
Backup : Sergei Kostenko          

Extra Forwards
Normal : Jakob Lilja, Nikolay Prokhorkin, Vincent Dunn - PP : Jakob Lilja, Nikolay Prokhorkin - PK : Vincent Dunn
Extra Defensemen
Normal : Mackenze Stewart, Jesper Pettersson, Roman Josi - PP : Mackenze Stewart - PK : Jesper Pettersson, Roman Josi
Penalty Shots
Dany Roussin, Mike Hoffman, Trevor Lewis, Jamie McGinn, Angelo Esposito

Scratches
Ryan Graves (Healthy), Emil Johansson (Bruised Left Shoulder Injury)

Sewer Rats

5 vs 5 Forward 
   Center                   Left Wing                Right Wing               Time % Phy DF OF 
 1 Vincent Trocheck         Joseph Blandisi          Mark Mancari             40     1   2  2  
 2 Jonathan Marchessault    Anthony Duclair          Erik Condra              30     1   2  2  
 3 Drake Caggiula           Michael Dal Colle        Dmitrij Jaskin           20     1   2  2  
 4 Zach Aston-Reese         Dominik Kubalik          Nick Cousins             10     1   2  2  

5 vs 5 Defense 
   Defense                  Defense                                           Time % Phy DF OF 
 1 Stefan Elliott           Jarred Tinordi                                    40     1   2  2  
 2 Ryan Murphy              John Ramage                                       30     1   2  2  
 3 Connor Carrick           Thomas Chabot                                     20     1   2  2  
 4 Xavier Ouellet           Jonathan Racine                                   10     1   2  2  

PowerPlay Forward 
   Center                   Left Wing                Right Wing               Time % Phy DF OF 
 1 Vincent Trocheck         Joseph Blandisi          Mark Mancari             60     1   2  2  
 2 Jonathan Marchessault    Anthony Duclair          Erik Condra              40     1   2  2  

PowerPlay Defense
   Defense                  Defense                                           Time % Phy DF OF 
 1 Stefan Elliott           Jarred Tinordi                                    60     1   2  2  
 2 Ryan Murphy              John Ramage                                       40     1   2  2  

Penalty Kill 4 Players Forward 
   Center                   Wing                     Time % Phy DF OF 
 1 Vincent Trocheck         Mark Mancari             60     1   2  2  
 2 Jonathan Marchessault    Erik Condra              40     1   2  2  

Penalty Kill 4 Players Defense
   Defense                  Defense                  Time % Phy DF OF 
 1 Stefan Elliott           Jarred Tinordi           60     1   2  2  
 2 Ryan Murphy              John Ramage              40     1   2  2  

Penalty Kill - 3 Players Forward 
   Forward                                           Time % Phy DF OF 
 1 Vincent Trocheck                                  60     1   2  2  
 2 Mark Mancari                                      40     1   2  2  

Penalty Kill - 3 Players Defense
   Defense                  Defense                  Time % Phy DF OF 
 1 Stefan Elliott           Jarred Tinordi           60     1   2  2  
 2 Ryan Murphy              John Ramage              40     1   2  2  

4 vs 4 Forward 
   Center                   Wing                     Time % Phy DF OF 
 1 Vincent Trocheck         Mark Mancari             60     1   2  2  
 2 Jonathan Marchessault    Erik Condra              40     1   2  2  

4 vs 4 Defense
   Defense                  Defense                  Time % Phy DF OF 
 1 Stefan Elliott           Jarred Tinordi           60     1   2  2  
 2 Ryan Murphy              John Ramage              40     1   2  2  

Last Minutes Offensive
   Center                   Left Wing                Right Wing               Defense                  Defense                  
   Vincent Trocheck         Joseph Blandisi          Mark Mancari             Stefan Elliott           Jarred Tinordi           

Last Minutes Defensive
   Center                   Left Wing                Right Wing               Defense                  Defense                  
   Vincent Trocheck         Joseph Blandisi          Mark Mancari             Stefan Elliott           Jarred Tinordi           

Goaltenders
Starting : Marek Mazanek            
Backup : Darcy Kuemper            

Extra Forwards
Normal : Jared McCann, Dmitrij Jaskin, Nick Cousins - PP : Jared McCann, Dmitrij Jaskin - PK : Nick Cousins
Extra Defensemen
Normal : Connor Carrick, Thomas Chabot, Xavier Ouellet - PP : Connor Carrick - PK : Thomas Chabot, Xavier Ouellet
Penalty Shots
Vincent Trocheck, Mark Mancari, Jonathan Marchessault, Erik Condra, Dmitrij Jaskin

Scratches
Josh Archibald (Healthy), Tyler Motte (Healthy), Chris Calhan (Healthy), Mark Friedman (Healthy), Matteson Iacopelli (Healthy)
Adin Hill (Healthy), Antoine Bibeau (Healthy)

% Time on Ice - Thunder

Lines # - Real PCT - Wanted PCT - Time Play
Normal Forward
1 - 33% - 40% - 16:25
2 - 29% - 30% - 14:43
3 - 21% - 20% - 10:42
4 - 17% - 10% - 8:40
Normal Defense
1 - 35% - 40% - 17:34
2 - 32% - 30% - 16:07
3 - 24% - 20% - 12:02
4 - 9% - 10% - 4:47
PP Forward
1 - 54% - 60% - 1:56
2 - 46% - 40% - 1:37
PP Defense
1 - 62% - 60% - 2:11
2 - 38% - 40% - 1:22
PK Forward
1 - 73% - 60% - 4:04
2 - 27% - 40% - 1:28
PK Defense
1 - 31% - 60% - 1:43
2 - 69% - 40% - 3:49
PK3 Forward
1 - 0% - 60%
2 - 0% - 40%
PK3 Defense
1 - 0% - 60%
2 - 0% - 40%
44 Forward
1 - 100% - 60% - 0:47
2 - 0% - 40% - 0:00
44 Defense
1 - 64% - 60% - 0:30
2 - 36% - 40% - 0:17
Last Minute Offensive  - 0:00
Last Minute Defensive  - 0:00
Total
Forward - 60:22
Defense - 60:22

% Time on Ice - Sewer Rats

Lines # - Real PCT - Wanted PCT - Time Play
Normal Forward
1 - 31% - 40% - 15:52
2 - 28% - 30% - 14:20
3 - 24% - 20% - 12:22
4 - 16% - 10% - 7:56
Normal Defense
1 - 37% - 40% - 18:44
2 - 29% - 30% - 14:27
3 - 22% - 20% - 10:58
4 - 13% - 10% - 6:21
PP Forward
1 - 54% - 60% - 2:59
2 - 46% - 40% - 2:33
PP Defense
1 - 59% - 60% - 3:16
2 - 41% - 40% - 2:16
PK Forward
1 - 75% - 60% - 2:40
2 - 25% - 40% - 0:53
PK Defense
1 - 54% - 60% - 1:54
2 - 46% - 40% - 1:39
PK3 Forward
1 - 0% - 60%
2 - 0% - 40%
PK3 Defense
1 - 0% - 60%
2 - 0% - 40%
44 Forward
1 - 100% - 60% - 0:47
2 - 0% - 40% - 0:00
44 Defense
1 - 100% - 60% - 0:47
2 - 0% - 40% - 0:00
Last Minute Offensive  - 0:00
Last Minute Defensive  - 0:00
Total
Forward - 60:22
Defense - 60:22

Play-by-Play

1st period


0:01 of 1st period - Vincent Trocheck wins face-off versus Trevor Lewis in neutral zone.
0:15 of 1st period - Snap shot by Joseph Blandisi.
0:15 of 1st period - Stopped by Niklas Treutle with a rebound.
1:05 of 1st period - Wrist shot by Zach Aston-Reese.
1:05 of 1st period - Deflect By Nick Cousins.
1:05 of 1st period - Shot Misses the Net.
1:05 of 1st period - Puck is out of play.
1:06 of 1st period - Jordan Weal wins face-off versus Zach Aston-Reese in Thunder zone.
1:31 of 1st period - Wrist shot by Dany Roussin.
1:31 of 1st period - Stopped by Marek Mazanek with a rebound.
1:37 of 1st period - Slapshot by Mark Mancari.
1:37 of 1st period - Stopped by Niklas Treutle without a rebound.
1:38 of 1st period - Zach Stepan wins face-off versus Jonathan Marchessault in Thunder zone.
1:43 of 1st period - Slapshot by Roman Josi.
1:43 of 1st period - Stopped by Marek Mazanek with a rebound.
1:45 of 1st period - Snap shot by Roman Josi.
1:45 of 1st period - Deflect By Dany Roussin.
1:45 of 1st period - Shot Blocked by Jonathan Marchessault.
1:45 of 1st period - Puck is out of play.
1:46 of 1st period - Jamie McGinn wins face-off versus Anthony Duclair in Sewer Rats zone.
1:57 of 1st period - Snap shot by Jonathan Marchessault.
1:57 of 1st period - Shot Misses the Net.
2:15 of 1st period - Snap shot by Joseph Blandisi.
2:15 of 1st period - Shot Misses the Net.
2:17 of 1st period - Snap shot by Joseph Blandisi.
2:17 of 1st period - Shot Blocked by Roman Josi.
2:19 of 1st period - Snap shot by Vincent Trocheck.
2:19 of 1st period - Stopped by Niklas Treutle with a rebound.
3:39 of 1st period - Mark Mancari is hit by Angelo Esposito and loses puck.
4:02 of 1st period - Snap shot by Dmitrij Jaskin.
4:02 of 1st period - Stopped by Niklas Treutle without a rebound.
4:03 of 1st period - Drake Caggiula wins face-off versus Jordan Weal in Thunder zone.
4:06 of 1st period - Snap shot by Stefan Elliott.
4:06 of 1st period - Shot Misses the Net.
4:48 of 1st period - Slapshot by Jonathan Marchessault.
4:48 of 1st period - Stopped by Niklas Treutle with a rebound.
5:14 of 1st period - Wrist shot by Angelo Esposito.
5:14 of 1st period - Stopped by Marek Mazanek with a rebound.
5:24 of 1st period - Jamie McGinn is hit by Dmitrij Jaskin and loses puck.
5:49 of 1st period - Mikko Vainonen is hit by Jonathan Racine.
6:51 of 1st period - Icing by Jamie McGinn.
6:52 of 1st period - Drake Caggiula wins face-off versus Zach Stepan in Thunder zone.
6:59 of 1st period - Slapshot by Dmitrij Jaskin.
6:59 of 1st period - Shot Misses the Net.
7:05 of 1st period - Slapshot by Dmitrij Jaskin.
7:05 of 1st period - Stopped by Niklas Treutle without a rebound.
7:06 of 1st period - Vincent Trocheck wins face-off versus Trevor Lewis in Thunder zone.
7:13 of 1st period - Backhand shot by Mark Mancari.
7:13 of 1st period - Shot Misses the Net.
7:15 of 1st period - Slapshot by Mark Mancari.
7:15 of 1st period - Shot Misses the Net.
7:17 of 1st period - Slapshot by Jarred Tinordi.
7:17 of 1st period - Stopped by Niklas Treutle with a rebound.
7:19 of 1st period - Snap shot by Vincent Trocheck.
7:19 of 1st period - Shot Misses the Net.
7:31 of 1st period - Jarred Tinordi is hit by Austin Poganski.
7:53 of 1st period - Wrist shot by Jamie McGinn.
7:53 of 1st period - Stopped by Marek Mazanek with a rebound.
8:22 of 1st period - Wrist shot by Zach Aston-Reese.
8:22 of 1st period - Stopped by Niklas Treutle with a rebound.
8:36 of 1st period - Gianluca Curcuruto is hit by Vincent Trocheck and loses puck.
9:04 of 1st period - Icing by Jesper Pettersson.
9:05 of 1st period - Vincent Trocheck wins face-off versus Angelo Esposito in Thunder zone.
9:34 of 1st period - Snap shot by Angelo Esposito.
9:34 of 1st period - Stopped by Marek Mazanek with a rebound.
9:36 of 1st period - Slapshot by Gianluca Curcuruto.
9:36 of 1st period - Shot Blocked by John Ramage.
9:52 of 1st period - Wrist shot by Jakob Lilja.
9:52 of 1st period - Shot Misses the Net.
9:54 of 1st period - Slapshot by Gianluca Curcuruto.
9:54 of 1st period - Deflect By Angelo Esposito.
9:54 of 1st period - Deflect By Erik Condra.
9:54 of 1st period - Shot Misses the Net.
9:54 of 1st period - Puck is out of play.
9:55 of 1st period - Trevor Lewis wins face-off versus Vincent Trocheck in Sewer Rats zone.
10:01 of 1st period - Minor Penalty to Jarred Tinordi for High sticking.
10:02 of 1st period - Vincent Trocheck wins face-off versus Trevor Lewis in Sewer Rats zone.
10:30 of 1st period - Austin Poganski is hit by Vincent Trocheck and loses puck.
11:25 of 1st period - Wrist shot by Angelo Esposito.
11:25 of 1st period - Stopped by Marek Mazanek with a rebound.
11:27 of 1st period - Snap shot by Mike Hoffman.
11:27 of 1st period - Deflect By Angelo Esposito.
11:27 of 1st period - Shot Misses the Net.
11:27 of 1st period - Puck is out of play.
11:28 of 1st period - Vincent Trocheck wins face-off versus Trevor Lewis in Sewer Rats zone.
12:01 of 1st period - Penalty to Jarred Tinordi is over, Jarred Tinordi is back on ice.
12:33 of 1st period - Snap shot by Jamie McGinn.
12:33 of 1st period - Shot Hit the Post.
12:35 of 1st period - Slapshot by Roman Josi.
12:35 of 1st period - Shot Misses the Net.
13:32 of 1st period - Slapshot by Vincent Trocheck.
13:32 of 1st period - Shot Misses the Net.
14:00 of 1st period - Dmitrij Jaskin is hit by Mike Hoffman and loses puck.
14:11 of 1st period - Dany Roussin is hit by Vincent Trocheck and loses puck.
14:28 of 1st period - Wrist shot by Nick Cousins.
14:28 of 1st period - Shot Misses the Net.
15:32 of 1st period - Icing by Dmitrij Jaskin.
15:33 of 1st period - Austin Poganski wins face-off versus Drake Caggiula in Sewer Rats zone.
15:54 of 1st period - Wrist shot by Joseph Blandisi.
15:54 of 1st period - Shot Misses the Net.
15:56 of 1st period - Snap shot by Mark Mancari.
15:56 of 1st period - Deflect By Roman Josi.
15:56 of 1st period - Shot Misses the Net.
15:56 of 1st period - Puck is out of play.
15:57 of 1st period - Trevor Lewis wins face-off versus Vincent Trocheck in Thunder zone.
17:03 of 1st period - Wrist shot by Trevor Lewis.
17:03 of 1st period - Deflect By Colton Sceviour.
17:03 of 1st period - Stopped by Marek Mazanek with a rebound.
17:10 of 1st period - Jarred Tinordi is hit by Roman Josi and loses puck.
17:15 of 1st period - Snap shot by Dmitrij Jaskin.
17:15 of 1st period - Shot Blocked by Roman Josi.
17:17 of 1st period - Slapshot by Stefan Elliott.
17:17 of 1st period - Shot Misses the Net.
17:19 of 1st period - Slapshot by Jarred Tinordi.
17:19 of 1st period - Shot Misses the Net.
17:23 of 1st period - Wrist shot by Dmitrij Jaskin.
17:23 of 1st period - Deflect By Drake Caggiula.
17:23 of 1st period - Shot Blocked by Roman Josi.
17:23 of 1st period - Puck is out of play.
17:24 of 1st period - Angelo Esposito wins face-off versus Vincent Trocheck in Thunder zone.
17:40 of 1st period - Snap shot by Vincent Trocheck.
17:40 of 1st period - Shot Misses the Net.
17:47 of 1st period - Icing by Austin Poganski.
17:48 of 1st period - Jonathan Marchessault wins face-off versus Zach Stepan in Thunder zone.
17:51 of 1st period - Slapshot by Erik Condra.
17:51 of 1st period - Deflect By Anthony Duclair.
17:51 of 1st period - Shot Misses the Net.
17:51 of 1st period - Puck is out of play.
17:52 of 1st period - Zach Stepan wins face-off versus Jonathan Marchessault in Thunder zone.
17:52 of 1st period - Zach Stepan is hit by Erik Condra.
18:22 of 1st period - Slapshot by Roman Josi.
18:22 of 1st period - Shot Hit the Post.
18:41 of 1st period - Snap shot by Mike Hoffman.
18:41 of 1st period - Deflect By Artturi Lehkonen.
18:41 of 1st period - Shot Blocked by Stefan Elliott.
18:41 of 1st period - Puck is out of play.
18:42 of 1st period - Drake Caggiula wins face-off versus Jordan Weal in Sewer Rats zone.
18:59 of 1st period - Snap shot by Dmitrij Jaskin.
18:59 of 1st period - Shot Blocked by Gianluca Curcuruto.
19:01 of 1st period - Slapshot by Dmitrij Jaskin.
19:01 of 1st period - Shot Misses the Net.
19:03 of 1st period - Snap shot by Michael Dal Colle.
19:03 of 1st period - Stopped by Niklas Treutle with a rebound.
19:05 of 1st period - Slapshot by Drake Caggiula.
19:05 of 1st period - Shot Blocked by Jesper Pettersson.
19:07 of 1st period - Slapshot by Stefan Elliott.
19:07 of 1st period - Shot Hit the Post.
19:15 of 1st period - Slapshot by Stefan Elliott.
19:15 of 1st period - Stopped by Niklas Treutle with a rebound.
19:17 of 1st period - Slapshot by Jarred Tinordi.
19:17 of 1st period - Deflect By Michael Dal Colle.
19:17 of 1st period - Shot Misses the Net.
19:17 of 1st period - Puck is out of play.
19:18 of 1st period - Vincent Trocheck wins face-off versus Trevor Lewis in Thunder zone.
19:43 of 1st period - Dany Roussin is hit by Jonathan Marchessault and loses puck.
Goals for this period are 0 for Thunder vs 0 for Sewer Rats.
Shots for this period are 7 for Thunder vs 10 for Sewer Rats.

2nd period


0:01 of 2nd period - Trevor Lewis wins face-off versus Vincent Trocheck in neutral zone.
0:04 of 2nd period - Slapshot by Roman Josi.
0:04 of 2nd period - Shot Blocked by Stefan Elliott.
0:13 of 2nd period - Off-side.
0:14 of 2nd period - Vincent Trocheck wins face-off versus Trevor Lewis in neutral zone.
0:17 of 2nd period - Slapshot by Mark Mancari.
0:17 of 2nd period - Stopped by Niklas Treutle with a rebound.
0:19 of 2nd period - Snap shot by Joseph Blandisi.
0:19 of 2nd period - Stopped by Niklas Treutle with a rebound.
0:21 of 2nd period - Snap shot by Stefan Elliott.
0:21 of 2nd period - Deflect By Dany Roussin.
0:21 of 2nd period - Stopped by Niklas Treutle without a rebound.
0:22 of 2nd period - Vincent Trocheck wins face-off versus Trevor Lewis in Thunder zone.
0:27 of 2nd period - Snap shot by Vincent Trocheck.
0:27 of 2nd period - Deflect By Joseph Blandisi.
0:27 of 2nd period - Stopped by Niklas Treutle without a rebound.
0:28 of 2nd period - Vincent Trocheck wins face-off versus Trevor Lewis in Thunder zone.
1:05 of 2nd period - Stefan Elliott is hit by Colton Sceviour and loses puck.
1:47 of 2nd period - Snap shot by Trevor Lewis.
1:47 of 2nd period - Stopped by Marek Mazanek without a rebound.
1:48 of 2nd period - Angelo Esposito wins face-off versus Vincent Trocheck in Sewer Rats zone.
2:09 of 2nd period - Vincent Trocheck is hit by Austin Poganski and loses puck.
2:20 of 2nd period - Snap shot by Anthony Duclair.
2:20 of 2nd period - Shot Blocked by Jesper Pettersson.
2:40 of 2nd period - Slapshot by Nick Cousins.
2:40 of 2nd period - Stopped by Niklas Treutle with a rebound.
4:12 of 2nd period - Snap shot by Erik Condra.
4:12 of 2nd period - Stopped by Niklas Treutle with a rebound.
4:38 of 2nd period - Wrist shot by Drake Caggiula.
4:38 of 2nd period - Shot Misses the Net.
4:40 of 2nd period - Wrist shot by Drake Caggiula.
4:40 of 2nd period - Goal by Drake Caggiula - Thunder : 0 - Sewer Rats : 1.
4:41 of 2nd period - Vincent Trocheck wins face-off versus Trevor Lewis in neutral zone.
5:25 of 2nd period - Minor Penalty to Gianluca Curcuruto for Holding.
5:26 of 2nd period - Vincent Trocheck wins face-off versus Dany Roussin in Thunder zone.
5:59 of 2nd period - Mike Hoffman is hit by John Ramage and loses puck.
6:04 of 2nd period - Wrist shot by Vincent Trocheck.
6:04 of 2nd period - Shot Blocked by Mikko Vainonen.
6:06 of 2nd period - Wrist shot by Joseph Blandisi.
6:06 of 2nd period - Shot Misses the Net.
6:08 of 2nd period - Slapshot by Stefan Elliott.
6:08 of 2nd period - Shot Blocked by Mikko Vainonen.
6:10 of 2nd period - Snap shot by Vincent Trocheck.
6:10 of 2nd period - Shot Misses the Net.
6:12 of 2nd period - Snap shot by Vincent Trocheck.
6:12 of 2nd period - Shot Blocked by Mikko Vainonen.
6:14 of 2nd period - Snap shot by Joseph Blandisi.
6:14 of 2nd period - Stopped by Niklas Treutle with a rebound.
6:16 of 2nd period - Slapshot by Stefan Elliott.
6:16 of 2nd period - Shot Blocked by Jesper Pettersson.
6:18 of 2nd period - Snap shot by Mark Mancari.
6:18 of 2nd period - Stopped by Niklas Treutle without a rebound.
6:19 of 2nd period - Jonathan Marchessault wins face-off versus Dany Roussin in Thunder zone.
7:25 of 2nd period - Penalty to Gianluca Curcuruto is over, Gianluca Curcuruto is back on ice.
7:33 of 2nd period - Off-side.
7:34 of 2nd period - Angelo Esposito wins face-off versus Drake Caggiula in neutral zone.
7:54 of 2nd period - Michael Dal Colle is hit by Gianluca Curcuruto and loses puck.
7:59 of 2nd period - Wrist shot by Zach Stepan.
7:59 of 2nd period - Shot Misses the Net.
8:15 of 2nd period - Snap shot by Dmitrij Jaskin.
8:15 of 2nd period - Stopped by Niklas Treutle with a rebound.
8:29 of 2nd period - Slapshot by Jordan Weal.
8:29 of 2nd period - Shot Misses the Net.
8:31 of 2nd period - Wrist shot by Artturi Lehkonen.
8:31 of 2nd period - Stopped by Marek Mazanek with a rebound.
8:33 of 2nd period - Slapshot by Artturi Lehkonen.
8:33 of 2nd period - Shot Misses the Net.
8:43 of 2nd period - Jesper Pettersson is hit by Erik Condra and loses puck.
9:06 of 2nd period - Jesper Pettersson is hit by Zach Aston-Reese and loses puck.
9:17 of 2nd period - Snap shot by Jakob Lilja.
9:17 of 2nd period - Shot Misses the Net.
9:19 of 2nd period - Wrist shot by Gianluca Curcuruto.
9:19 of 2nd period - Shot Misses the Net.
9:21 of 2nd period - Wrist shot by Angelo Esposito.
9:21 of 2nd period - Shot Misses the Net.
9:23 of 2nd period - Slapshot by Gianluca Curcuruto.
9:23 of 2nd period - Stopped by Marek Mazanek with a rebound.
9:25 of 2nd period - Slapshot by Austin Poganski.
9:25 of 2nd period - Shot Misses the Net.
9:27 of 2nd period - Snap shot by Austin Poganski.
9:27 of 2nd period - Shot Misses the Net.
9:29 of 2nd period - Slapshot by Angelo Esposito.
9:29 of 2nd period - Shot Hit the Post.
9:37 of 2nd period - Wrist shot by Austin Poganski.
9:37 of 2nd period - Goal by Austin Poganski - Thunder : 1 - Sewer Rats : 1.
9:38 of 2nd period - Vincent Trocheck wins face-off versus Dany Roussin in neutral zone.
9:41 of 2nd period - Colton Sceviour is hit by Mark Mancari.
10:24 of 2nd period - Slapshot by Stefan Elliott.
10:24 of 2nd period - Shot Misses the Net.
10:26 of 2nd period - Slapshot by Stefan Elliott.
10:26 of 2nd period - Shot Blocked by Roman Josi.
10:28 of 2nd period - Wrist shot by Drake Caggiula.
10:28 of 2nd period - Deflect By Dmitrij Jaskin.
10:28 of 2nd period - Shot Blocked by Dany Roussin.
10:28 of 2nd period - Puck is out of play.
10:29 of 2nd period - Drake Caggiula wins face-off versus Angelo Esposito in Thunder zone.
10:39 of 2nd period - Off-side.
10:40 of 2nd period - Vincent Trocheck wins face-off versus Trevor Lewis in neutral zone.
10:43 of 2nd period - Wrist shot by Mark Mancari.
10:43 of 2nd period - Deflect By Gianluca Curcuruto.
10:43 of 2nd period - Stopped by Niklas Treutle with a rebound.
11:13 of 2nd period - Slapshot by Erik Condra.
11:13 of 2nd period - Shot Misses the Net.
11:19 of 2nd period - Snap shot by Jonathan Marchessault.
11:19 of 2nd period - Stopped by Niklas Treutle without a rebound.
11:20 of 2nd period - Drake Caggiula wins face-off versus Trevor Lewis in Thunder zone.
11:47 of 2nd period - Vincent Trocheck is hit by Mike Hoffman.
11:59 of 2nd period - Snap shot by Mark Mancari.
11:59 of 2nd period - Shot Misses the Net.
12:28 of 2nd period - Slapshot by Roman Josi.
12:28 of 2nd period - Shot Blocked by Zach Aston-Reese.
13:25 of 2nd period - Off-side.
13:26 of 2nd period - Zach Stepan wins face-off versus Jonathan Marchessault in neutral zone.
14:00 of 2nd period - Snap shot by Vincent Trocheck.
14:00 of 2nd period - Deflect By Mark Mancari.
14:00 of 2nd period - Shot Misses the Net.
14:00 of 2nd period - Puck is out of play.
14:01 of 2nd period - Jordan Weal wins face-off versus Vincent Trocheck in Thunder zone.
14:10 of 2nd period - Wrist shot by Vincent Trocheck.
14:10 of 2nd period - Goal by Vincent Trocheck - Thunder : 1 - Sewer Rats : 2.
14:11 of 2nd period - Vincent Trocheck wins face-off versus Trevor Lewis in neutral zone.
14:14 of 2nd period - Mikko Vainonen is hit by Mark Mancari and loses puck.
14:41 of 2nd period - Snap shot by Anthony Duclair.
14:41 of 2nd period - Shot Blocked by Mikko Vainonen.
14:45 of 2nd period - Slapshot by Stefan Elliott.
14:45 of 2nd period - Stopped by Niklas Treutle with a rebound.
14:47 of 2nd period - Slapshot by Stefan Elliott.
14:47 of 2nd period - Stopped by Niklas Treutle with a rebound.
17:04 of 2nd period - Minor Penalty to Gianluca Curcuruto for Roughing.
17:05 of 2nd period - Dany Roussin wins face-off versus Joseph Blandisi in Thunder zone.
17:05 of 2nd period - Dany Roussin is hit by Jarred Tinordi.
17:12 of 2nd period - Dany Roussin is hit by Joseph Blandisi and loses puck.
17:36 of 2nd period - Off-side.
17:37 of 2nd period - Vincent Trocheck wins face-off versus Dany Roussin in neutral zone.
18:19 of 2nd period - Snap shot by Jakob Lilja.
18:19 of 2nd period - Shot Blocked by Stefan Elliott.
18:25 of 2nd period - Jordan Weal is hit by Vincent Trocheck and loses puck.
18:44 of 2nd period - Snap shot by Trevor Lewis.
18:44 of 2nd period - Stopped by Marek Mazanek without a rebound.
18:45 of 2nd period - Trevor Lewis wins face-off versus Jonathan Marchessault in Sewer Rats zone.
19:04 of 2nd period - Penalty to Gianluca Curcuruto is over, Gianluca Curcuruto is back on ice.
19:24 of 2nd period - Ryan Murphy is hit by Colton Sceviour and loses puck.
Goals for this period are 1 for Thunder vs 2 for Sewer Rats.
Shots for this period are 5 for Thunder vs 15 for Sewer Rats.

3rd period


0:01 of 3rd period - Mark Mancari wins face-off versus Trevor Lewis in neutral zone.
0:04 of 3rd period - Slapshot by Vincent Trocheck.
0:04 of 3rd period - Shot Misses the Net.
0:06 of 3rd period - Wrist shot by Jarred Tinordi.
0:06 of 3rd period - Stopped by Niklas Treutle without a rebound.
0:07 of 3rd period - Trevor Lewis wins face-off versus Vincent Trocheck in Thunder zone.
0:20 of 3rd period - Snap shot by Vincent Trocheck.
0:20 of 3rd period - Shot Misses the Net.
0:34 of 3rd period - Slapshot by Roman Josi.
0:34 of 3rd period - Stopped by Marek Mazanek with a rebound.
0:36 of 3rd period - Snap shot by Angelo Esposito.
0:36 of 3rd period - Stopped by Marek Mazanek with a rebound.
0:38 of 3rd period - Snap shot by Mike Hoffman.
0:38 of 3rd period - Shot Blocked by Anthony Duclair.
0:40 of 3rd period - Slapshot by Mikko Vainonen.
0:40 of 3rd period - Deflect By Angelo Esposito.
0:40 of 3rd period - Stopped by Marek Mazanek without a rebound.
0:41 of 3rd period - Trevor Lewis wins face-off versus Vincent Trocheck in Sewer Rats zone.
0:44 of 3rd period - Snap shot by Trevor Lewis.
0:44 of 3rd period - Stopped by Marek Mazanek without a rebound.
0:45 of 3rd period - Trevor Lewis wins face-off versus Vincent Trocheck in Sewer Rats zone.
1:21 of 3rd period - Wrist shot by Erik Condra.
1:21 of 3rd period - Shot Misses the Net.
1:42 of 3rd period - Michael Dal Colle is hit by Jamie McGinn and loses puck.
2:13 of 3rd period - Slapshot by Roman Josi.
2:13 of 3rd period - Deflect By Joseph Blandisi.
2:13 of 3rd period - Stopped by Marek Mazanek with a rebound.
2:33 of 3rd period - Austin Poganski is hit by Jonathan Marchessault and loses puck.
3:19 of 3rd period - Minor Penalty to Jordan Weal for Hooking.
3:20 of 3rd period - Dany Roussin wins face-off versus Vincent Trocheck in Thunder zone.
3:20 of 3rd period - Dany Roussin is hit by Stefan Elliott.
4:53 of 3rd period - Minor Penalty to Anthony Duclair for Hooking.
4:54 of 3rd period - Dany Roussin wins face-off versus Vincent Trocheck in Sewer Rats zone.
5:19 of 3rd period - Penalty to Jordan Weal is over, Jordan Weal is back on ice.
5:30 of 3rd period - Stefan Elliott is hit by Austin Poganski and loses puck.
5:41 of 3rd period - Stefan Elliott is hit by Mikko Vainonen and loses puck.
5:56 of 3rd period - Snap shot by Erik Condra.
5:56 of 3rd period - Shot Misses the Net.
6:24 of 3rd period - Slapshot by Ryan Murphy.
6:24 of 3rd period - Stopped by Niklas Treutle with a rebound.
6:53 of 3rd period - Penalty to Anthony Duclair is over, Anthony Duclair is back on ice.
6:59 of 3rd period - Slapshot by Ryan Murphy.
6:59 of 3rd period - Shot Blocked by Mikko Vainonen.
7:11 of 3rd period - Artturi Lehkonen is hit by Dmitrij Jaskin and loses puck.
7:50 of 3rd period - Xavier Ouellet is hit by Jesper Pettersson and loses puck.
7:59 of 3rd period - Snap shot by Jordan Weal.
7:59 of 3rd period - Shot Misses the Net.
8:20 of 3rd period - Snap shot by Drake Caggiula.
8:20 of 3rd period - Shot Blocked by Jesper Pettersson.
8:26 of 3rd period - Drake Caggiula is hit by Jamie McGinn and loses puck.
9:03 of 3rd period - Zach Stepan is hit by Jarred Tinordi and loses puck.
9:10 of 3rd period - Wrist shot by Vincent Trocheck.
9:10 of 3rd period - Stopped by Niklas Treutle without a rebound.
9:11 of 3rd period - Trevor Lewis wins face-off versus Vincent Trocheck in Thunder zone.
9:16 of 3rd period - Mark Mancari is hit by Trevor Lewis.
9:20 of 3rd period - Vincent Trocheck is hit by Gianluca Curcuruto and loses puck.
10:20 of 3rd period - Colton Sceviour is hit by Vincent Trocheck and loses puck.
10:41 of 3rd period - Off-side.
10:42 of 3rd period - Angelo Esposito wins face-off versus Erik Condra in neutral zone.
10:45 of 3rd period - Snap shot by Austin Poganski.
10:45 of 3rd period - Stopped by Marek Mazanek with a rebound.
10:47 of 3rd period - Snap shot by Jakob Lilja.
10:47 of 3rd period - Shot Misses the Net.
10:49 of 3rd period - Wrist shot by Angelo Esposito.
10:49 of 3rd period - Shot Misses the Net.
10:55 of 3rd period - Slapshot by Stefan Elliott.
10:55 of 3rd period - Stopped by Niklas Treutle with a rebound.
11:15 of 3rd period - Wrist shot by Joseph Blandisi.
11:15 of 3rd period - Stopped by Niklas Treutle with a rebound.
11:27 of 3rd period - Jordan Weal is hit by Dmitrij Jaskin and loses puck.
11:46 of 3rd period - Wrist shot by Jonathan Marchessault.
11:46 of 3rd period - Stopped by Niklas Treutle with a rebound.
11:54 of 3rd period - Gianluca Curcuruto is hit by Anthony Duclair.
12:29 of 3rd period - Wrist shot by Dmitrij Jaskin.
12:29 of 3rd period - Shot Hit the Post.
12:31 of 3rd period - Wrist shot by Dmitrij Jaskin.
12:31 of 3rd period - Shot Misses the Net.
12:55 of 3rd period - Icing by Jonathan Marchessault.
12:56 of 3rd period - Angelo Esposito wins face-off versus Jonathan Marchessault in Sewer Rats zone.
12:59 of 3rd period - Wrist shot by Angelo Esposito.
12:59 of 3rd period - Stopped by Marek Mazanek without a rebound.
13:00 of 3rd period - Vincent Trocheck wins face-off versus Angelo Esposito in Sewer Rats zone.
13:05 of 3rd period - Slapshot by Mike Hoffman.
13:05 of 3rd period - Shot Misses the Net.
13:07 of 3rd period - Snap shot by Austin Poganski.
13:07 of 3rd period - Goal by Austin Poganski - Thunder : 2 - Sewer Rats : 2.
13:08 of 3rd period - Trevor Lewis wins face-off versus Vincent Trocheck in neutral zone.
13:19 of 3rd period - Dany Roussin is hit by Joseph Blandisi and loses puck.
14:16 of 3rd period - Jesper Pettersson is hit by Nick Cousins and loses puck.
14:37 of 3rd period - Mark Mancari is hit by Trevor Lewis and loses puck.
14:58 of 3rd period - Anthony Duclair is hit by Dany Roussin and loses puck.
15:25 of 3rd period - Snap shot by Trevor Lewis.
15:25 of 3rd period - Stopped by Marek Mazanek without a rebound.
15:26 of 3rd period - Trevor Lewis wins face-off versus Vincent Trocheck in Sewer Rats zone.
17:09 of 3rd period - Stefan Elliott is hit by Jakob Lilja and loses puck.
17:14 of 3rd period - Snap shot by Jakob Lilja.
17:14 of 3rd period - Stopped by Marek Mazanek without a rebound.
17:15 of 3rd period - Joseph Blandisi wins face-off versus Dany Roussin in Sewer Rats zone.
17:39 of 3rd period - Icing by Anthony Duclair.
17:40 of 3rd period - Jonathan Marchessault wins face-off versus Austin Poganski in Sewer Rats zone.
17:40 of 3rd period - Jonathan Marchessault is hit by Austin Poganski.
17:54 of 3rd period - Wrist shot by Joseph Blandisi.
17:54 of 3rd period - Stopped by Niklas Treutle with a rebound.
17:56 of 3rd period - Slapshot by Ryan Murphy.
17:56 of 3rd period - Stopped by Niklas Treutle with a rebound.
18:06 of 3rd period - Zach Stepan is hit by Anthony Duclair and loses puck.
18:13 of 3rd period - Snap shot by Jonathan Marchessault.
18:13 of 3rd period - Shot Misses the Net.
18:15 of 3rd period - Snap shot by Jonathan Marchessault.
18:15 of 3rd period - Stopped by Niklas Treutle with a rebound.
18:29 of 3rd period - Slapshot by Roman Josi.
18:29 of 3rd period - Stopped by Marek Mazanek with a rebound.
18:57 of 3rd period - Snap shot by Dany Roussin.
18:57 of 3rd period - Stopped by Marek Mazanek with a rebound.
Goals for this period are 1 for Thunder vs 0 for Sewer Rats.
Shots for this period are 12 for Thunder vs 9 for Sewer Rats.

Overtime #1


0:01 of 1st overtime period - Mike Hoffman wins face-off versus Vincent Trocheck in neutral zone.
0:06 of 1st overtime period - Slapshot by Dany Roussin.
0:06 of 1st overtime period - Stopped by Marek Mazanek without a rebound.
0:07 of 1st overtime period - Dany Roussin wins face-off versus Vincent Trocheck in Sewer Rats zone.
0:10 of 1st overtime period - Snap shot by Mike Hoffman.
0:10 of 1st overtime period - Stopped by Marek Mazanek with a rebound.
0:20 of 1st overtime period - Snap shot by Stefan Elliott.
0:20 of 1st overtime period - Stopped by Niklas Treutle with a rebound.
0:22 of 1st overtime period - Snap shot by Mark Mancari.
0:22 of 1st overtime period - Goal by Mark Mancari - Thunder : 2 - Sewer Rats : 3.
Goals for this period are 0 for Thunder vs 1 for Sewer Rats.
Shots for this period are 2 for Thunder vs 2 for Sewer Rats.